 Dungeon Crawl Stone Soup version 0.27-a0-1308-gc08437e49b (webtiles) character file.

Game seed: 6858766509911212088

119 mordus the Firebug (level 4, -1/33 HPs)
             Began as a Draconian Fire Elementalist on June 18, 2021.
             Slain by Duvessa (5 damage)
             ... on level 4 of the Dungeon.
             The game lasted 00:11:16 (4136 turns).

mordus the Firebug (Draconian Fire Elementalist)    Turns: 4136, Time: 00:11:16

Health: -1/33      AC:  6    Str: 10    XL:     4   Next: 74%
Magic:  0/7        EV: 12    Int: 23    God:
Gold:   198        SH:  0    Dex: 11    Spells: 6/7 levels left

rFire    . . .     SeeInvis .   p - +2 mace (venom)
rCold    . . .     Faith    .   (no shield)
rNeg     . . .     Spirit   .   (armour unavailable)
rPois    +         Reflect  .   (helmet restricted)
rElec    .         Harm     .   b - scarf {shadows}
rCorr    .         Rampage  .   e - +0 pair of gloves
Will     .....                  (no boots)
Stlth    ++........             (no amulet)
HPRegen  0.11/turn              j - +6 ring of intelligence
MPRegen  0.10/turn              n - ring of poison resistance

@: no status effects
A: AC +5, unfitting armour, cold-blooded
a: no special abilities


You were on level 4 of the Dungeon.
You visited 1 branch of the dungeon, and saw 4 of its levels.

You collected 198 gold pieces.

Inventory:

Hand Weapons
 k - a +0 dagger
 p - a +2 mace of venom (weapon)
Armour
 b - a scarf of shadows (worn)
 e - a +0 pair of gloves (worn)
Jewellery
 j - a +6 ring of intelligence (left hand)
 l - a ring of willpower
 n - a ring of poison resistance (right hand)
Scrolls
 a - a scroll of amnesia {unknown}
 c - a scroll of acquirement {unknown}
 f - a scroll of enchant armour {unknown}
 g - a scroll of enchant weapon {unknown}
 h - 2 scrolls of teleportation {unknown}
 i - 2 scrolls of identify {unknown}
 o - a scroll of blinking {unknown}
 q - a scroll of magic mapping {unknown}
Potions
 d - a potion of invisibility {unknown}
 m - a potion of flight {unknown}
 r - a potion of berserk rage {unknown}
 s - a potion of might {unknown}


   Skills:
 - Level 1.7 Dodging
 - Level 1.7 Stealth
 - Level 2.0 Spellcasting
 + Level 2.6 Conjurations
 * Level 4.8 Fire Magic


You had 6 spell levels left.
You knew the following spells:

 Your Spells              Type           Power      Damage    Failure   Level
a - Foxfire               Conj/Fire      76%        2x1d7     2%          1

Your spell library contained the following spells:

 Spells                   Type           Power      Damage    Failure   Level
 Conjure Flame            Conj/Fire      19%        6-21      9%          3
 Inner Flame              Hex/Fire       13%        N/A       14%         3
 Sticky Flame             Conj/Fire      19%        2d4       26%         4
 Confusing Touch          Hex            2%         N/A       36%         3
 Gell's Gravitas          Tloc           1%         N/A       36%         3
 Fireball                 Conj/Fire      9%         3d6       58%         5
 Petrify                  Tmut/Erth      2%         N/A       77%         4
 Metabolic Englaciation   Hex/Ice        1%         N/A       98%         5
 Yara's Violent Unravell  Hex/Tmut       1%         3d3       98%         5


Dungeon Overview and Level Annotations

Branches:
Dungeon (4/15)
 Temple: D:4-7

Altars:
Nemelex Xobeh
Uskayaw

Shops:
D:2 [

Annotations:
D:3 Edmund
D:4 2 transporters, Dowan, Duvessa


Innate Abilities, Weirdness & Mutations

Your plain brown scales are hard. (AC +5)
You cannot fit into any form of body armour.
You are cold-blooded and may be slowed by cold attacks.


Message History

The foxfire hits Duvessa but does no damage.
Duvessa is lightly wounded.
Dowan says, "Magic and the sword, together, will defeat you."
Duvessa barely misses you.
Casting: Foxfire (safe; 2% risk of failure)
Confirm with . or Enter, or press ? or * to list all spells.
You conjure some foxfire!
Duvessa hits you with a +0 short sword. Dowan hits you but does no damage.
Your magical contamination has completely faded away.
The foxfire hits Duvessa!
Duvessa is moderately wounded.
The foxfire hits Duvessa.
Duvessa is moderately wounded.
Duvessa hits you with a +0 short sword.
Casting: Foxfire (safe; 2% risk of failure)
Confirm with . or Enter, or press ? or * to list all spells.
You conjure some foxfire!
Duvessa hits you with a +0 short sword. Dowan hits you with a +0 dagger.
The foxfire hits Duvessa.
Duvessa is moderately wounded.
The foxfire hits Duvessa.
Duvessa is heavily wounded.
Duvessa hits you with a +0 short sword!
* * * LOW HITPOINT WARNING * * *
Unknown command.
Casting: Foxfire (safe; 2% risk of failure)
Confirm with . or Enter, or press ? or * to list all spells.
You don't know that spell.
Casting: Foxfire (safe; 2% risk of failure)
Confirm with . or Enter, or press ? or * to list all spells.
You conjure some foxfire!
Duvessa closely misses you. Dowan misses you.
The foxfire hits Duvessa but does no damage.
Duvessa is heavily wounded.
The foxfire hits Duvessa but does no damage.
Duvessa is heavily wounded.
Duvessa closely misses you.
Casting: Foxfire (safe; 2% risk of failure)
Confirm with . or Enter, or press ? or * to list all spells.
You conjure some foxfire!
Duvessa hits you with a +0 short sword.
You die...

#......# #............#
#......# ..............##
#......# ...............##
#.##.....................#####.
..........................#...
≈≈≈≈≈≈≈≈≈≈≈≈≈≈..............#
≈≈≈≈≈≈≈≈≈≈≈≈≈≈..............##
###.....####≈≈..ee...........#
g.#8###8 ..#≈≈§§@v...........#
..###.# #≈≈..(v†.........####.
... .#≈≈.....#####.........
###≈≈....##(((##........
#..≈≈....#(#(#(#..#####.
.##.≈≈....#((#.(#..#
.#.≈≈..#.#.#.#(#..#
##.≈≈....##...##...
.#........###.###.#.


You could see Duvessa (fast, ally target), Dowan (ally target) and 7 dancing
weapons.

Vanquished Creatures
  4 adders
  2 worms
  A dart slug (D:3)
  12 ball pythons
  9 bats
  7 endoplasms
  A giant cockroach (D:3)
  8 hobgoblins
  2 jackals (D:3)
  5 kobolds
  4 quokkas
  7 frilled lizards
  4 goblins
  9 rats
75 creatures vanquished.

Vanquished Creatures (others)
  188 foxfires
  6 plants (D:4)
194 creatures vanquished.

Grand Total: 269 creatures vanquished

Notes
Turn   | Place    | Note
-------+----------+-------------------------------------------
     0 | D:1      | mordus the Draconian Fire Elementalist began the quest for
                  | the Orb.
     0 | D:1      | Reached XP level 1. HP: 14/14 MP: 3/3
   338 | D:1      | Reached XP level 2. HP: 18/20 MP: 0/5
   941 | D:1      | Noticed a golden eye
   942 | D:1      | Found a faded altar of an unknown god.
   943 | D:1      | Noticed a golden eye
   948 | D:1      | Reached XP level 3. HP: 23/26 MP: 3/6
   950 | D:1      | Noticed a golden eye
   950 | D:1      | Noticed an eye of devastation
  1306 | D:2      | Reached skill level 4 in Fire Magic
  1340 | D:2      | Found Rilestuist's Antique Armour Emporium.
  2147 | D:2      | Reached XP level 4. HP: 15/33 MP: 0/7
  2810 | D:3      | Found a sparkling altar of Nemelex Xobeh.
  3541 | D:4      | Noticed Edmund
  4080 | D:4      | Found a transporter.
  4081 | D:4      | Found a transporter.
  4085 | D:4      | Noticed a +0 short sword
  4086 | D:4      | Noticed a +0 falchion
  4087 | D:4      | Noticed a +0 spear
  4087 | D:4      | Noticed a +0 dagger
  4088 | D:4      | Noticed a +0 falchion
  4089 | D:4      | Noticed a +0 short sword
  4089 | D:4      | Noticed a +0 dagger
  4090 | D:4      | Noticed a +0 spear
  4091 | D:4      | Found a hide-covered altar of Uskayaw.
  4118 | D:4      | Noticed Duvessa
  4118 | D:4      | Noticed Dowan
  4136 | D:4      | Slain by Duvessa

Illustrated notes

Levels and vault maps discovered:
D:1:      dpeg_arrival_water_fire, layout_loops_ring,
          hellmonk_ecumenical_altar_watching_god
D:2:      minmay_diamond_boxcup, layout_basic, serial_shops, shop_fountains
D:3:      layout_loops_ring, overflow_temple_1_default, grunt_ministairs_10,
          corexii_corridor_pit, kennysheep_boxes
D:4:      cheibrodos_greedy_goblins, layout_layer_cave,
          nicolae_uskayaw_en_pointe, gammafunk_ghost_gnarly_gnolls,
          uniq_duvessa, uniq_eustachio, uniq_edmund

Skill      XL: |  1  2  3 |
---------------+----------+-----
Fire Magic     | 4 |  4.8
Conjurations   | 2 |  2.6
Dodging        | |  1.7
Stealth        | |  1.7
Spellcasting   | |  2.0

Action                   |  1- 3 |  4- 6 || total
-------------------------+-------+-------++-------
Melee: Unarmed           |    12 |       ||    12
       Club              |    41 |       ||    41
       Tailslap          |     7 |     2 ||     9
       Dagger            |       |    12 ||    12
       Mace              |       |     9 ||     9
 Cast: Foxfire           |    63 |    55 ||   118
 Stab: Sleeping          |       |     1 ||     1
Armor: Skin              |    25 |     7 ||    32
Dodge: Dodged            |    46 |    23 ||    69

Table legend: (Time is in decaauts)
 A = Elapsed time spent in this place.
 B = Non-inter-level travel time spent in this place.
 C = Inter-level travel time spent in this place.
 D = Time resting spent in this place.
 E = Time spent auto-exploring this place.
 F = Levels seen in this place.
 G = Mean time per level.
                   A        B        C        D        E       F      G
               +--------+--------+--------+--------+--------+-----+--------+
         Total |   4177 |   4100 |     77 |    626 |   2606 |   4 | 1044.2 |
       Dungeon |   4177 |   4100 |     77 |    626 |   2606 |   4 | 1044.2 |
               +--------+--------+--------+--------+--------+-----+--------+

Top non-repeatable levels by time:
     D:3: 1424 daAuts
     D:1: 1311 daAuts
     D:2: 1106 daAuts
     D:4: 334 daAuts
